Map: Deathaura LE

Players

Denver - Winner!

  • Race: Zerg Zerg
  • League: Master
  • Spawn Location: 11:00

SKillous

  • Race: Protoss Protoss
  • League: Master
  • Spawn Location: 5:00

Event: StayAtHomestory Cup #2

VOD

Have the link to the VOD?

Description

Time

  • Played on: June 11, 2020, 7:13 a.m.
  • Length: 26:06

All games in this series

Show
View Real Time Build Order
Export as new Build Order

Denver Zerg - Winner!

Build Orders: Hatch First, Lurkers, Roach Hydra 

Get SALT Encoding   

  12  0:01  Drone  
  13  0:13  Overlord  
  13  0:17  Drone  
  14  0:40  Hatchery  
  13  0:45  Drone  
  13  0:49  Drone  
  15  0:52  Drone  
  15  0:56  Drone  
  17  1:06  Drone  
  17  1:11  Extractor  
  17  1:16  Spawning Pool  
  16  1:20  Drone  
  17  1:28  Drone  
  18  1:39  Drone  
  19  1:51  Drone  
  21  1:54  Drone  
  21  2:03  Queen x2  
  21  2:04  Zergling x4  
  27  2:12  Overlord  
  27  2:14  Metabolic Boost  
  27  2:20  Drone  
  28  2:32  Drone  
  28  2:33  Drone x2  
  31  2:41  Hatchery  
  30  2:45  Drone  
  30  2:50  Overlord  
  31  2:53  Zergling x2  
  31  2:57  Overlord  
  32  3:01  Overlord  
  32  3:04  Drone  
  33  3:08  Drone  
  33  3:10  Drone x2  
  33  3:12  Drone  
  37  3:17  Drone  
  39  3:20  Drone  
  39  3:27  Roach Warren  
  38  3:29  Drone x2  
  40  3:36  Extractor, Lair  
  40  3:40  Drone x2  
  41  3:43  Drone x2  
  41  3:48  Drone x2  
  45  3:49  Drone  
  45  3:51  Drone  
  45  3:54  Overlord  
  47  4:10  Roach x3  
  47  4:11  Roach  
  56  4:17  Roach x2  
  56  4:21  Drone x2, Spore Crawler  
  56  4:22  Spore Crawler  
  58  4:24  Overlord  
  58  4:26  Roach x2  
  62  4:31  Spore Crawler  
  62  4:34  Overseer  
  62  4:35  Overlord  
  62  4:37  Drone  
  62  4:40  Drone x3  
  64  4:48  Drone x4  
  68  4:53  Overlord  
  68  5:01  Drone x2  
  68  5:02  Drone x5  
  75  5:07  Overlord  
  75  5:09  Drone  
  75  5:12  Glial Reconstitution  
  75  5:14  Queen  
  75  5:15  Extractor  
  75  5:19  Extractor  
  75  5:21  Evolution Chamber, Drone x4  
  75  5:24  Extractor  
  75  5:28  Drone x4  
  79  5:33  Queen  
  79  5:35  Queen  
  81  5:40  Drone x5  
  88  5:44  Extractor  
  88  5:46  Overlord  
  88  5:48  Zerg Missile Weapons Level 1  
  86  5:50  Drone x3  
  86  5:53  Queen  
  87  6:04  Drone x2  
  87  6:06  Hatchery  
  87  6:07  Overseer  
  87  6:08  Drone x2  
  87  6:09  Drone  
  90  6:12  Drone x2  
  90  6:13  Drone  
  90  6:17  Overlord  
  94  6:18  Roach x2  
  94  6:19  Roach  
  98  6:26  Roach  
  98  6:27  Roach x3  
  98  6:30  Overlord  
  104  6:33  Overlord  
  104  6:36  Roach  
  100  6:40  Overlord  
  100  6:42  Overlord  
  100  6:44  Roach x2  
  100  6:45  Roach  
  106  6:48  Overseer  
  106  6:51  Roach x4  
  106  6:52  Roach  
  106  6:54  Overlord  
  116  7:01  Pneumatized Carapace  
  116  7:03  Overlord x2  
  116  7:05  Roach  
  118  7:10  Hydralisk Den  
  118  7:12  Roach x2  
  121  7:20  Roach x7  
  133  7:23  Drone x3  
  133  7:24  Drone  
  137  7:30  Overlord  
  137  7:31  Roach  
  137  7:32  Roach  
  141  7:38  Overlord  
  141  7:40  Grooved Spines  
  141  7:43  Extractor  
  140  7:46  Drone x3  
  140  7:49  Drone x3, Lurker Den  
  143  7:51  Extractor  
  143  7:52  Roach x2  
  144  8:01  Hydralisk x6  
  144  8:03  Zerg Missile Weapons Level 2  
  156  8:06  Overlord  
  156  8:11  Drone  
  156  8:12  Drone x2  
  159  8:15  Overlord x2  
  159  8:16  Infestation Pit  
  159  8:17  Overseer  
  158  8:26  Hydralisk x3  
  158  8:27  Hydralisk x2  
  168  8:38  Overlord  
  168  8:41  Roach x3  
  174  8:43  Overseer  
  174  8:48  Lurker x4  
  178  8:51  Muscular Augments  
  178  8:53  Overlord, Hatchery  
  177  8:55  Hive  
  177  9:06  Hydralisk x6  
  189  9:12  Overlord  
  189  9:35  Spine Crawler  
  189  9:36  Spine Crawler  
  189  9:37  Spine Crawler  
  186  9:38  Spine Crawler  
  161  9:55  Hydralisk x20  
  171  10:12  Seismic Spines  
  171  10:13  Lurker  
  168  10:15  Roach x4  
  176  10:25  Hydralisk x4  
  176  10:26  Roach  
  182  10:36  Lurker x2  
  184  10:47  Roach x6  
  184  10:48  Roach x4  
  200  10:54  Extractor x2  
  196  10:59  Viper  
  199  11:09  Adaptive Talons  
  189  11:20  Hydralisk x8  
  197  11:32  Hydralisk x7  
  181  11:33  Roach, Hydralisk  
  181  11:39  Roach x4  
  179  11:44  Hydralisk x2  
  173  11:48  Overseer  
  173  11:49  Drone  
  173  11:50  Drone x5  
  173  11:51  Drone x3  
  180  11:57  Lurker x2  
  180  11:58  Lurker  
  183  12:09  Viper  
  182  12:16  Viper  
  185  12:36  Zerg Missile Weapons Level 3  
  185  12:38  Hydralisk x7  
  185  12:40  Evolution Chamber  
  196  12:54  Hydralisk x3  
  198  13:03  Zergling x8  
  192  13:10  Hydralisk x11  
  200  13:18  Hydralisk x6  
  200  13:24  Zerg Ground Armor Level 1  
  200  13:55  Overseer  
  171  14:03  Hydralisk x15  
  191  14:30  Hydralisk x14  
  195  14:34  Lurker x2  
  195  14:35  Lurker x4  
  187  14:41  Hydralisk x4  
  188  14:52  Hydralisk x6  
  195  14:56  Drone  
  195  14:57  Spore Crawler  
  195  14:58  Spore Crawler  
  195  14:59  Spore Crawler x3  
  193  15:00  Viper  
  193  15:02  Spore Crawler  
  193  15:03  Drone x2  
  193  15:04  Drone  
  193  15:05  Overseer  
  198  15:16  Lurker  
  198  15:17  Lurker  
  198  15:19  Overseer x2  
  200  15:24  Overlord  
  192  15:40  Hydralisk x6  
  183  15:51  Lurker x5  
  183  15:53  Hydralisk x6  
  190  16:09  Drone x5  
  190  16:10  Spore Crawler  
  194  16:11  Spore Crawler  
  194  16:12  Spore Crawler x3  
  194  16:13  Spore Crawler  
  194  16:16  Hydralisk x5  
  199  16:28  Zerg Ground Armor Level 2  
  196  16:50  Hydralisk x3  
  153  17:09  Hydralisk x15  
  153  17:10  Hydralisk  
  177  17:22  Viper x3  
  176  17:24  Overlord x2  
  166  17:39  Hydralisk x8  
  180  17:51  Viper x2  
  180  17:55  Hatchery  
  185  18:23  Hydralisk  
  185  18:24  Hydralisk x8  
  186  18:42  Lurker x7  
  189  19:09  Spore Crawler  
  186  19:11  Spore Crawler  
  186  19:13  Spore Crawler x3  
  182  19:22  Hydralisk x9  
  200  19:28  Hatchery  
  200  19:30  Spore Crawler  
  198  19:33  Extractor  
  198  19:34  Extractor  
  196  19:44  Drone  
  196  19:45  Drone x2  
  199  20:04  Overseer  
  199  20:10  Drone  
  200  20:29  Overseer x2  
  200  20:35  Spore Crawler x3  
  197  20:36  Spore Crawler x2  
  197  20:37  Spore Crawler x2  
  197  20:38  Spore Crawler  
  197  20:39  Spore Crawler  
  180  21:49  Spore Crawler  
  180  21:53  Spore Crawler x3  
  176  21:55  Spore Crawler  
  176  21:59  Spore Crawler  
  176  22:01  Spore Crawler x2  
  173  22:02  Hydralisk x14  
  200  22:09  Spore Crawler  
  199  22:22  Overseer  
  199  22:44  Overlord x2  
  199  22:47  Overlord  
  184  23:03  Hydralisk x7  
  184  23:04  Hydralisk x3  
  199  23:09  Unknown x2  
  199  23:10  Drone x3  
  200  23:19  Spore Crawler  
  199  23:20  Spore Crawler x2  
  199  23:21  Spore Crawler  
  199  23:22  Spore Crawler  
  199  23:23  Spore Crawler  
  188  23:45  Drone x3  
  188  23:46  Drone x9  
  200  23:56  Spore Crawler  
  200  23:59  Spore Crawler x2  
  187  24:30  Hatchery  
  177  24:37  Viper x4  
  157  24:53  Hydralisk x13  
  157  24:54  Hydralisk x6  
  195  25:20  Drone x5  
  200  25:39  Hatchery  
Show
View Real Time Build Order
Export as new Build Order

SKillous Protoss 

Build Orders: 1 Gate Expand, Archon Immortal, Carriers, Archon Drop, Dark Templar Rush 

Get SALT Encoding   

  12  0:01  Probe  
  13  0:13  Probe  
  14  0:18  Pylon  
  14  0:24  Probe  
  15  0:33  Probe  
  15  0:37  Gateway  
  15  0:41  Probe  
  16  0:47  Assimilator  
  17  0:51  Probe  
  18  1:03  Probe  
  19  1:15  Probe  
  20  1:23  Nexus  
  20  1:35  Cybernetics Core  
  20  1:37  Probe  
  21  1:44  Assimilator  
  21  1:49  Probe  
  21  1:52  Pylon  
  22  2:01  Adept, Probe  
  23  2:13  Probe  
  26  2:17  Twilight Council  
  26  2:21  Warp Gate  
  26  2:22  Stalker  
  26  2:25  Probe  
  27  2:31  Probe  
  30  2:37  Probe  
  30  2:39  Probe  
  32  2:50  Probe  
  33  2:52  Probe, Robotics Facility  
  34  3:02  Probe  
  34  3:04  Probe  
  36  3:14  Probe  
  36  3:15  Gateway  
  36  3:18  Probe, Dark Shrine  
  38  3:26  Probe  
  39  3:28  Gateway  
  39  3:30  Gateway  
  39  3:32  Warp Prism  
  39  3:33  Probe  
  41  3:44  Probe  
  41  3:47  Probe  
  44  3:50  Pylon  
  44  3:53  Assimilator  
  44  3:55  Probe  
  44  3:58  Assimilator  
  44  4:00  Probe  
  46  4:04  Probe, Pylon  
  47  4:11  Probe  
  47  4:15  Probe  
  48  4:19  Probe  
  48  4:23  Pylon  
  50  4:27  Probe x2  
  52  4:34  Dark Templar x4  
  60  4:41  Pylon  
  60  4:45  Probe  
  60  4:47  Immortal  
  60  4:52  Archon x2  
  60  4:54  Probe  
  60  4:58  Probe  
  65  5:06  Probe  
  66  5:07  Adept  
  66  5:08  Adept  
  66  5:10  Probe  
  70  5:21  Forge  
  70  5:22  Probe  
  70  5:30  Nexus  
  70  5:32  Probe  
  70  5:34  Probe  
  72  5:36  Observer  
  72  5:37  Sentry x2  
  77  5:44  Probe  
  77  5:47  Pylon  
  78  5:50  Pylon  
  78  5:56  Immortal  
  78  6:04  Protoss Ground Weapons Level 1  
  78  6:05  Probe x2  
  82  6:18  Probe x2  
  82  6:19  Charge  
  82  6:20  Pylon  
  82  6:25  Immortal  
  82  6:30  Probe  
  83  6:38  Probe  
  83  6:40  Probe  
  83  6:42  Probe  
  83  6:46  Probe  
  86  6:52  Probe  
  88  6:54  Immortal  
  88  6:55  Probe, Assimilator  
  88  6:57  Stargate  
  88  6:58  Assimilator  
  89  7:02  Probe  
  89  7:04  Probe  
  89  7:07  Probe  
  89  7:08  Gateway x2  
  96  7:14  Probe  
  97  7:15  Shield Battery  
  97  7:20  Dark Templar  
  97  7:21  Dark Templar  
  101  7:24  Probe  
  101  7:28  Photon Cannon  
  102  7:30  Photon Cannon  
  102  7:34  Archon  
  102  7:36  Immortal  
  106  7:38  Phoenix  
  106  7:43  Templar Archives  
  108  7:59  Probe  
  108  8:00  Zealot x4  
  108  8:02  Photon Cannon  
  108  8:04  Pylon x2  
  108  8:05  Protoss Ground Weapons Level 2, Pylon  
  117  8:10  Psionic Storm  
  117  8:11  Photon Cannon  
  117  8:12  Pylon  
  117  8:23  Nexus  
  114  8:29  Probe, High Templar x4  
  114  8:32  Probe  
  124  8:39  High Templar  
  124  8:40  Probe, High Templar  
  129  8:43  Probe  
  129  8:44  Nexus  
  129  8:46  Immortal, Photon Cannon, Pylon  
  129  8:47  Photon Cannon  
  134  8:52  Probe  
  135  8:56  Pylon  
  135  9:06  Photon Cannon  
  135  9:07  Photon Cannon  
  135  9:13  Shield Battery  
  135  9:16  High Templar  
  137  9:17  Assimilator  
  137  9:21  Assimilator  
  137  9:22  Warp Prism  
  131  9:24  Photon Cannon  
  131  9:26  Probe, Photon Cannon  
  132  9:32  Probe x2  
  136  9:38  Probe  
  136  9:39  Stalker  
  136  9:40  Zealot x2, Stalker x2  
  136  9:44  Probe  
  131  10:00  Zealot  
  131  10:04  Probe  
  131  10:05  Zealot x5  
  131  10:06  Probe  
  138  10:12  Photon Cannon  
  137  10:20  Probe  
  138  10:23  Protoss Air Weapons Level 1  
  138  10:25  High Templar x2  
  138  10:27  Fleet Beacon  
  142  10:35  Stargate, Zealot  
  142  10:36  Stargate  
  142  10:38  Pylon  
  142  10:39  Protoss Shields Level 1  
  144  10:58  Gateway  
  144  11:00  Gateway  
  144  11:02  Gateway x2  
  144  11:04  Photon Cannon  
  144  11:05  Photon Cannon, Shield Battery  
  144  11:09  Observer  
  144  11:10  Oracle  
  146  11:12  Zealot x4  
  146  11:13  Zealot  
  128  11:32  Zealot  
  128  11:33  Zealot x3  
  128  11:45  Probe  
  129  11:49  Carrier x3  
  145  11:56  High Templar x5  
  145  11:57  Immortal, Mothership, High Templar  
  157  12:02  Archon x2  
  157  12:03  Observer  
  157  12:04  Photon Cannon  
  169  12:12  Archon  
  169  12:13  Zealot  
  163  12:17  High Templar  
  163  12:20  Photon Cannon  
  165  12:23  Photon Cannon x2  
  165  12:25  Photon Cannon  
  165  12:27  Warp Prism  
  164  12:57  Zealot x6  
  168  13:06  Pylon  
  168  13:09  Archon  
  168  13:12  Carrier x2  
  150  13:15  Protoss Shields Level 2  
  150  13:22  Protoss Air Weapons Level 2, Carrier  
  168  13:29  Pylon  
  168  13:44  Zealot  
  168  13:45  High Templar x2  
  174  13:49  Photon Cannon  
  174  13:50  Photon Cannon  
  174  13:53  Photon Cannon  
  163  14:05  Zealot x5  
  163  14:09  Zealot  
  169  14:16  Carrier x3  
  177  14:18  Zealot x2  
  176  14:35  Probe x3  
  176  14:38  Probe, Zealot x6  
  185  14:43  Archon  
  185  14:47  Probe x2  
  187  15:01  Pylon x2  
  187  15:04  Photon Cannon  
  187  15:05  Photon Cannon  
  187  15:16  Nexus  
  187  15:17  Pylon  
  187  15:20  Pylon  
  187  15:26  Zealot x6  
  199  15:31  Mothership, Carrier  
  167  15:54  Protoss Shields Level 3  
  175  16:03  Carrier  
  175  16:18  High Templar x4  
  189  16:19  High Templar  
  191  16:28  Protoss Air Weapons Level 3  
  189  16:41  Shield Battery  
  189  16:43  Assimilator  
  189  16:44  Assimilator  
  177  17:00  Zealot x8  
  181  17:02  Carrier  
  163  17:15  Carrier  
  125  17:29  Zealot x6  
  143  17:31  Carrier  
  141  17:44  Probe x2  
  141  17:45  Probe x2  
  141  17:50  High Templar x3  
  141  17:51  High Templar x4  
  155  17:54  High Templar  
  161  17:58  Archon x3  
  161  17:59  Archon  
  161  18:05  Pylon  
  161  18:08  Photon Cannon  
  161  18:28  Zealot x8  
  174  18:44  Carrier  
  176  19:00  Nexus  
  176  19:02  Carrier  
  174  19:10  Pylon  
  174  19:16  Carrier  
  180  19:25  Pylon  
  180  19:29  Photon Cannon  
  174  19:44  High Templar x3, Zealot x2  
  177  19:45  High Templar  
  177  19:48  Archon  
  177  19:51  Archon  
  179  19:55  Shield Battery  
  179  20:04  Oracle  
  174  20:43  Protoss Air Armor Level 1  
  174  20:47  Nexus  
  174  20:48  High Templar  
  174  20:49  Pylon  
  168  20:53  Carrier  
  168  21:02  Pylon  
  168  21:12  Carrier  
  168  21:17  Carrier  
  152  21:55  Observer  
  153  22:16  Carrier  
  159  23:04  Assimilator x2  
  159  23:06  High Templar  
  161  23:17  High Templar  
  155  23:47  Nexus  
  152  23:49  High Templar  
  152  23:50  Pylon  
  154  23:57  Pylon  
  154  24:01  High Templar  
  156  24:28  High Templar  
  131  25:00  High Templar  
  133  25:08  Assimilator  
  133  25:16  Assimilator  
  133  25:22  High Templar  
  119  25:52  Archon  
Tags
 
Add a new tag
Caveats
  • Supply blocks, unpowered buildings, or Contaminate may cause inaccurate times.
  • Supply counts are checked every 10 seconds.